PCL
REDWOOD CITY REDWOODS @ SAN JOSE MISSIONS
08/06/2029
 
TOP OF THE 1ST
Redwood City Redwoods batting - Pitching for San Jose Missions : RHP Rafael Ressureio
Pitching: RHP Rafael Ressureio
Batting: RHB Jason Blair 0-0: Ball
1-0: Fly out, F9 (Flyball, 89M)
Batting: LHB Pedro Rodríguez 0-0: Foul Ball, location: 2F
0-1: Swinging Strike
0-2: Ball
1-2: Foul Ball, location: 2F
1-2: Ball
2-2: Strikes out swinging
Batting: LHB Bill McCraney 0-0: Called Strike
0-1: Foul Ball, location: 2F
0-2: Foul Ball, location: 2F
0-2: Fly out, F7 (Flyball, 7S)
Top of the 1st over - 0 runs, 0 hits, 0 errors, 0 left on base; Redwood City 0 - San Jose 0
BOTTOM OF THE 1ST
San Jose Missions batting - Pitching for Redwood City Redwoods : RHP Ronnie Jefferson
Pitching: RHP Ronnie Jefferson
Batting: RHB Brandon Townsley 0-0: Foul Ball, location: 2F
0-1: Called Strike
0-2: Ball
1-2: Ball
2-2: Foul Ball, location: 2F
2-2: Fly out, F4 (Popup, 4)
Batting: RHB Lorenzo Mota 0-0: Ball
1-0: Ball
2-0: Ball
3-0: Called Strike
3-1: Base on Balls
Batting: RHB Peter Bishop 0-0: Ball
1-0: SINGLE (Groundball, 34S) (infield hit)
Lorenzo Mota to second
Batting: RHB Dale Taylor 0-0: Called Strike
0-1: Foul Ball, location: 2F
0-2: Grounds into double play, 3-6-1 (Groundball, 3)
Bottom of the 1st over - 0 runs, 1 hit, 0 errors, 1 left on base; Redwood City 0 - San Jose 0
TOP OF THE 2ND
Redwood City Redwoods batting - Pitching for San Jose Missions : RHP Rafael Ressureio
Batting: LHB Vicente Chávez 0-0: Ball
1-0: Ball
2-0: SINGLE (Groundball, 4MD)
Batting: LHB Arthur Hall 0-0: Fly out, F8 (Line Drive, 8RD)
Batting: RHB Gilberto León 0-0: Fly out, F2 (Popup, 5SF)
Batting: LHB Frank Young 0-0: Ball
1-0: Swinging Strike
1-1: Swinging Strike
1-2: Foul Ball, location: 2F
1-2: Strikes out swinging
Top of the 2nd over - 0 runs, 1 hit, 0 errors, 1 left on base; Redwood City 0 - San Jose 0
BOTTOM OF THE 2ND
San Jose Missions batting - Pitching for Redwood City Redwoods : RHP Ronnie Jefferson
Batting: LHB John Foster 0-0: Called Strike
0-1: Ball
1-1: Fly out, F6 (Line Drive, 6M)
Batting: LHB Pedro Ramos 0-0: Swinging Strike
0-1: Foul Ball, location: 2F
0-2: Strikes out swinging
Batting: LHB Alberto Gómez 0-0: Called Strike
0-1: Ground out 1-3 (Groundball, 13S)
Bottom of the 2nd over - 0 runs, 0 hits, 0 errors, 0 left on base; Redwood City 0 - San Jose 0
TOP OF THE 3RD
Redwood City Redwoods batting - Pitching for San Jose Missions : RHP Rafael Ressureio
Batting: RHB Luis Ramírez 0-0: Foul Ball, location: 2F
0-1: Ball
1-1: Ground out 6-3 (Groundball, 6)
Batting: RHB Jesús Cuevas 0-0: Called Strike
0-1: Ball
1-1: Ball
2-1: Swinging Strike
2-2: Ball
3-2: Strikes out swinging
Batting: RHB Jason Blair 0-0: Called Strike
0-1: Called Strike
0-2: SOLO HOME RUN (Flyball, 7LD), Distance : 351 ft
Batting: LHB Pedro Rodríguez 0-0: Called Strike
0-1: Ball
1-1: Ball
2-1: Swinging Strike
2-2: Strikes out swinging
Top of the 3rd over - 1 run, 1 hit, 0 errors, 0 left on base; Redwood City 1 - San Jose 0
BOTTOM OF THE 3RD
San Jose Missions batting - Pitching for Redwood City Redwoods : RHP Ronnie Jefferson
Batting: RHB Artie Green 0-0: Ball
1-0: Foul Ball, location: 2F
1-1: Ball
2-1: Fly out, F8 (Flyball, 8LM)
Batting: RHB José Ramos 0-0: Foul Ball, location: 2F
0-1: Reached on error, E4 (Groundball, 4M)
Batting: RHB Brandon Townsley 0-0: Ball
1-0: Ball
2-0: Ball
3-0: Base on Balls
José Ramos to second
Batting: RHB Lorenzo Mota 0-0: Ball
1-0: Fielders Choice at 2nd, 5-4 (Groundball, 5)
José Ramos to third
Batting: RHB Peter Bishop 0-0: Ball
1-0: Foul Ball, location: 2F
1-1: Fly out, F8 (Flyball, 8RM)
Bottom of the 3rd over - 0 runs, 0 hits, 1 error, 2 left on base; Redwood City 1 - San Jose 0
TOP OF THE 4TH
Redwood City Redwoods batting - Pitching for San Jose Missions : RHP Rafael Ressureio
Batting: LHB Bill McCraney 0-0: Swinging Strike
0-1: Foul Ball, location: 2F
0-2: SOLO HOME RUN (Line Drive, 9D) (Inside the Park)
Batting: LHB Vicente Chávez 0-0: Foul Ball, location: 2F
0-1: Ball
1-1: Ground out U3 (Groundball, 3L)
Batting: LHB Arthur Hall 0-0: Ball
1-0: SINGLE (Groundball, 4D)
Batting: RHB Gilberto León 0-0: Ball
1-0: Ball
Arthur Hall is caught stealing 2nd base
2-0: Called Strike
2-1: Fly out, F8 (Flyball, 8RM)
Top of the 4th over - 1 run, 2 hits, 0 errors, 0 left on base; Redwood City 2 - San Jose 0
BOTTOM OF THE 4TH
San Jose Missions batting - Pitching for Redwood City Redwoods : RHP Ronnie Jefferson
Batting: RHB Dale Taylor 0-0: Called Strike
0-1: Ball
1-1: Called Strike
1-2: Foul Ball, location: 2F
1-2: Ball
2-2: Strikes out swinging
Batting: LHB John Foster 0-0: Called Strike
0-1: Ball
1-1: Fly out, F4 (Flyball, 34D)
Batting: LHB Pedro Ramos 0-0: Ball
1-0: Called Strike
1-1: Ball
2-1: Ball
3-1: Swinging Strike
3-2: Base on Balls
Batting: LHB Alberto Gómez 0-0: Called Strike
0-1: Foul Ball, location: 2F
0-2: Ball
1-2: Foul Ball, location: 2F
1-2: Strikes out swinging
Bottom of the 4th over - 0 runs, 0 hits, 0 errors, 1 left on base; Redwood City 2 - San Jose 0
TOP OF THE 5TH
Redwood City Redwoods batting - Pitching for San Jose Missions : RHP Rafael Ressureio
Batting: LHB Frank Young 0-0: Called Strike
0-1: Ball
1-1: Foul Ball, location: 2F
1-2: Reached on error, E3 (Groundball, 3L)
Batting: RHB Luis Ramírez 0-0: Called Strike
0-1: Called Strike
0-2: Foul Ball, location: 2F
0-2: DOUBLE (Flyball, 8RXD)
Frank Young to third
Batting: RHB Jesús Cuevas 0-0: DOUBLE (Line Drive, 8LD)
Frank Young scores
Luis Ramírez scores
Batting: RHB Jason Blair 0-0: Called Strike
0-1: Called Strike
0-2: Strikes out looking
Batting: LHB Pedro Rodríguez 0-0: Swinging Strike
0-1: Ball
1-1: Swinging Strike
1-2: Ball
2-2: Ball
3-2: Foul Ball, location: 2F
3-2: Foul Ball, location: 2F
3-2: Foul Ball, location: 2F
3-2: Strikes out swinging
Batting: LHB Bill McCraney 0-0: Swinging Strike
0-1: Ground out 4-3 (Groundball, 4)
Top of the 5th over - 2 runs, 2 hits, 1 error, 1 left on base; Redwood City 4 - San Jose 0
BOTTOM OF THE 5TH
San Jose Missions batting - Pitching for Redwood City Redwoods : RHP Ronnie Jefferson
Batting: RHB Artie Green 0-0: Ball
1-0: Ball
2-0: Fly out, F8 (Line Drive, 78XD)
Batting: RHB José Ramos 0-0: Ball
1-0: Ball
2-0: Foul Ball, location: 2F
2-1: Fly out, F9 (Flyball, 9S)
Batting: RHB Brandon Townsley 0-0: Called Strike
0-1: Foul Ball, location: 2F
0-2: Ball
1-2: Foul Ball, location: 2F
1-2: Ground out 5-3 (Groundball, 5L)
Bottom of the 5th over - 0 runs, 0 hits, 0 errors, 0 left on base; Redwood City 4 - San Jose 0
TOP OF THE 6TH
Redwood City Redwoods batting - Pitching for San Jose Missions : RHP Rafael Ressureio
Batting: LHB Vicente Chávez 0-0: Fly out, F9 (Flyball, 9S)
Batting: LHB Arthur Hall 0-0: Ball
1-0: Ball
2-0: Ball
3-0: Base on Balls
Batting: RHB Gilberto León 0-0: Ball
Arthur Hall is caught stealing 2nd base
1-0: Swinging Strike
1-1: Swinging Strike
1-2: Ball
2-2: Strikes out swinging
Top of the 6th over - 0 runs, 0 hits, 0 errors, 0 left on base; Redwood City 4 - San Jose 0
BOTTOM OF THE 6TH
San Jose Missions batting - Pitching for Redwood City Redwoods : RHP Ronnie Jefferson
Batting: RHB Lorenzo Mota 0-0: Called Strike
0-1: Ball
1-1: SINGLE (Groundball, 4MD)
Batting: RHB Peter Bishop 0-0: Called Strike
0-1: Swinging Strike
0-2: Ball
1-2: Strikes out swinging
Batting: RHB Dale Taylor 0-0: Called Strike
0-1: Ball
1-1: Ball
2-1: SINGLE (Groundball, 5D)
Lorenzo Mota to second
Batting: LHB John Foster 0-0: Ball
1-0: Called Strike
1-1: DOUBLE (Line Drive, 89M)
Lorenzo Mota scores
Dale Taylor to third
Batting: LHB Pedro Ramos 0-0: Called Strike
0-1: Called Strike
0-2: Fly out, F9 (Flyball, 9S)
Batting: LHB Alberto Gómez 0-0: Ball
1-0: Foul Ball, location: 2F
1-1: Foul Ball, location: 2F
1-2: 3-RUN HOME RUN (Flyball, 9LD), Distance : 346 ft
Batting: RHB Artie Green 0-0: Foul Ball, location: 2F
0-1: Swinging Strike
0-2: Ground out U3 (Groundball, 34)
Bottom of the 6th over - 4 runs, 4 hits, 0 errors, 0 left on base; Redwood City 4 - San Jose 4
TOP OF THE 7TH
Redwood City Redwoods batting - Pitching for San Jose Missions : RHP Rafael Ressureio
Pitching: RHP Mark Bidwell
Batting: LHB Frank Young 0-0: Ball
1-0: Ball
2-0: Foul Ball, location: 2F
2-1: Ball
3-1: Foul Ball, location: 2F
3-2: Base on Balls
Pitching: RHP Ralph Williams
Pinch Hitting: LHB Richard Olvera 0-0: Ball
1-0: Grounds into double play, 4-6-3 (Groundball, 4)
Pinch Hitting: LHB Marcos Vázquez 0-0: Ball
1-0: Ball
2-0: Called Strike
2-1: Ball
3-1: Called Strike
3-2: Foul Ball, location: 2F
3-2: Base on Balls
Pinch Hitting: LHB Tim Ramsey 0-0: Foul Ball, location: 2F
0-1: Ball
1-1: Fly out, F9 (Flyball, 9LS)
Top of the 7th over - 0 runs, 0 hits, 0 errors, 1 left on base; Redwood City 4 - San Jose 4
BOTTOM OF THE 7TH
San Jose Missions batting - Pitching for Redwood City Redwoods : RHP Ronnie Jefferson
Pitching: RHP Gil Paling
Now at 2B: David Strickland
Now at 3B: Héctor Vázquez
Now at SS: Francisco Rodríguez
Batting: RHB José Ramos 0-0: Ground out 5-3 (Groundball, 5)
Pinch Hitting: LHB Mel Jones 0-0: Ball
1-0: Ball
2-0: Foul Ball, location: 2F
2-1: Ball
3-1: Base on Balls
Pinch Hitting: SHB Ángel González 0-0: Grounds into double play, 4-6-3 (Groundball, 4M)
Bottom of the 7th over - 0 runs, 0 hits, 0 errors, 0 left on base; Redwood City 4 - San Jose 4
TOP OF THE 8TH
Redwood City Redwoods batting - Pitching for San Jose Missions : RHP Ralph Williams
Now at 3B: Ángel López
Now in CF: Mel Jones
Batting: LHB Pedro Rodríguez 0-0: Called Strike
0-1: Ball
1-1: Foul Ball, location: 2F
1-2: Ball
2-2: Ball
3-2: Foul Ball, location: 2F
3-2: Base on Balls
Batting: LHB Bill McCraney 0-0: Ball
1-0: Foul Ball, location: 2F
1-1: Ball
2-1: SINGLE (Line Drive, 8LS)
Pedro Rodríguez to second
Batting: LHB Vicente Chávez 0-0: Ball
1-0: Foul Ball, location: 2F
1-1: SINGLE (Groundball, 6D)
Pedro Rodríguez to third
Bill McCraney to second
Batting: LHB Arthur Hall 0-0: Ball
1-0: Ball
2-0: Ball
3-0: Base on Balls
Pedro Rodríguez scores
Bill McCraney to third
Vicente Chávez to second
Batting: RHB Gilberto León 0-0: Fly out, F9 (Flyball, 89D)
Runner from 3rd tags up, SCORES, throw made
Batting: LHB Frank Young 0-0: Ball
1-0: Called Strike
1-1: Ground out 5-3 (Groundball, 56S)
Vicente Chávez to third
Arthur Hall to second
Batting: RHB Héctor Vázquez 0-0: Called Strike
0-1: Ground out 5-3 (Groundball, 2L)
Top of the 8th over - 2 runs, 2 hits, 0 errors, 2 left on base; Redwood City 6 - San Jose 4
BOTTOM OF THE 8TH
San Jose Missions batting - Pitching for Redwood City Redwoods : RHP Gil Paling
Batting: RHB Peter Bishop 0-0: SINGLE (Groundball, 56D)
Batting: RHB Dale Taylor 0-0: Ball
1-0: Called Strike
1-1: Foul Ball, location: 2F
1-2: Strikes out swinging
Batting: LHB John Foster 0-0: Ball
1-0: Ball
2-0: Ball
3-0: Called Strike
3-1: Grounds into double play, 6-4-3 (Groundball, 6M)
Bottom of the 8th over - 0 runs, 1 hit, 0 errors, 0 left on base; Redwood City 6 - San Jose 4
TOP OF THE 9TH
Redwood City Redwoods batting - Pitching for San Jose Missions : RHP Ralph Williams
Batting: RHB Francisco Rodríguez 0-0: Ball
1-0: Called Strike
1-1: Swinging Strike
1-2: Ball
2-2: Foul Ball, location: 2F
2-2: Strikes out swinging
Batting: RHB David Strickland 0-0: Called Strike
0-1: SINGLE (Line Drive, 34)
Batting: LHB Pedro Rodríguez 0-0: Ball
1-0: Called Strike
1-1: Ball
2-1: Fly out, F9 (Flyball, 9LM)
Batting: LHB Bill McCraney 0-0: Ball
1-0: Ball
2-0: Called Strike
2-1: Foul Ball, location: 2F
2-2: Foul Ball, location: 2F
2-2: Foul Ball, location: 2F
2-2: Foul Ball, location: 2F
2-2: Fly out, F9 (Flyball, 9S)
Top of the 9th over - 0 runs, 1 hit, 0 errors, 1 left on base; Redwood City 6 - San Jose 4
BOTTOM OF THE 9TH
San Jose Missions batting - Pitching for Redwood City Redwoods : RHP Gil Paling
Pitching: RHP Domingo Franco
Batting: LHB Pedro Ramos 0-0: Ball
1-0: DOUBLE (Line Drive, 89D)
Batting: LHB Alberto Gómez 0-0: Called Strike
0-1: Ball
1-1: Foul Ball, location: 2F
1-2: Ball
2-2: Strikes out swinging
Batting: RHB Artie Green 0-0: Ball
1-0: Ball
2-0: Called Strike
2-1: Called Strike
2-2: Ball
3-2: Base on Balls
Pinch Hitting: RHB Jorge Díaz 0-0: Grounds into double play, 1-6-3 (Groundball, 13)
Bottom of the 9th over - 0 runs, 1 hit, 0 errors, 1 left on base; Redwood City 6 - San Jose 4
Saturday, December 16th, 2017 - OOTP Baseball 18.8 Build 76